Match 41220204
Unlisted

Match 41220204
End
Scout Squad
Construct Barracks
Selects Armored Battlegroup
Selects Assault Engineers
1⁄4-ton 4x4 Truck
Riflemen Squad
Riflemen Squad
Grenade Package
Infantry Support Center
Assault Engineer Squad
Riflemen Squad
Construct Medical Station
Demolitions Package
Construct Motor Pool
M1 Anti-tank Gun Team
M1918 Browning Automatic Rifles
Construct Tank Depot
Riflemen Squad
M1 Anti-tank Gun Team
Selects Strength in Steel
Selects Seek and Destroy
Selects UNKNOWN (2160077)
Selects Field Repairs
M4A3E8 Sherman Easy Eight
M18 Hellcat Tank Destroyer
Selects War Machine
M4A3E8 Sherman Easy Eight
M4A3E8 Sherman Easy Eight
Assault Engineer Squad
Assault Engineer Squad
M1 Anti-tank Gun Team
M1 Anti-tank Gun Team
M18 Hellcat Tank Destroyer
M18 Hellcat Tank Destroyer
SOPRO
Orem
sw
Auxiliary Priest
0
0

Comments sign in to comment!

No comments posted yet!